 Dungeon Crawl Stone Soup version 0.29.1-4-g47bece8355 (webtiles) character file.

Game seed: 16438710203895490293

879 safid the Skirmisher (level 7, -3/67 HPs)
             Began as a Minotaur Hunter on Dec 1, 2022.
             Slain by an orc priest
             ... wielding a +0 hand axe
              (5 damage)
             ... on level 5 of the Dungeon.
             The game lasted 00:09:38 (4851 turns).

safid the Skirmisher (Minotaur Hunter)              Turns: 4851, Time: 00:09:38

Health: -3/67      AC:  5    Str: 16    XL:     7   Next: 75%
Magic:  6/6        EV: 12    Int:  6    God:
Gold:   195        SH:  0    Dex: 15    Spells: 6/6 levels left

rFire   . . .      SeeInvis .   a - +0 shortbow
rCold   . . .      Faith    .   (shield currently unavailable)
rNeg    . . .      Spirit   .   c - +0 leather armour
rPois   .          Reflect  .   (helmet restricted)
rElec   .          Harm     .   j - +0 cloak
rCorr   .          Rampage  .   e - +0 pair of gloves
Will    .....                   (no boots)
Stlth   +.........              (no amulet)
HPRegen 0.21/turn               (no ring)
MPRegen 0.10/turn               (no ring)

@: no status effects
A: horns 2, retaliatory headbutt
a: no special abilities


You were on level 5 of the Dungeon.
You visited 2 branches of the dungeon, and saw 6 of its levels.
You also visited: Sewer.

You collected 195 gold pieces.

Inventory:

Hand Weapons
 a - a +0 shortbow (weapon)
Armour
 c - a +0 leather armour (worn)
 e - a +0 pair of gloves (worn)
 j - a +0 cloak (worn)
Jewellery
 k - a ring of protection from cold
 p - a +6 ring of strength
Wands
 u - a wand of quicksilver (7)
Scrolls
 b - 3 scrolls of immolation
 d - 6 scrolls of identify {unknown}
 f - 2 scrolls of teleportation {unknown}
 g - a scroll of poison {unknown}
 i - 2 scrolls of enchant armour {unknown}
 q - a scroll of vulnerability {unknown}
 t - 3 scrolls of fog {unknown}
Potions
 h - 2 potions of heal wounds {unknown}
 l - a potion of attraction {unknown}
 m - 2 potions of cancellation {unknown}
 n - a potion of mutation {unknown}
 o - 3 potions of curing {unknown}
 r - 3 potions of might {unknown}
 s - a potion of invisibility {unknown}
 v - 2 potions of ambrosia {unknown}
 w - 2 potions of lignification {unknown}


   Skills:
 + Level 7.9 Fighting
 + Level 8.1 Ranged Weapons
 - Level 2.1 Dodging
 - Level 0.7 Stealth


You had 6 spell levels left.
You didn't know any spells.
Your spell library contained the following spells:

 Spells                   Type           Power      Damage    Failure   Level
 Scorch                   Fire           0%         2d5       67%         2
 Gell's Gravitas          Tloc           0%         N/A       88%         3
 Teleport Other           Tloc           0%         N/A       88%         3
 Flame Wave               Conj/Fire      0%         2d4       99%         4
 Dispersal                Tloc           0%         N/A       100%        6
 Summon Cactus Giant      Summ           0%         N/A       100%        6


Dungeon Overview and Level Annotations

Branches:
Dungeon (5/15)             Temple (1/1) D:4           Sewer (visited)

Altars:
Elyvilon
Fedhas
Gozag
Hepliaklqana
Kikubaaqudgha
Qazlal
Ru
Sif Muna
Trog
Uskayaw
Vehumet
Wu Jian
Yredelemnul
The Shining One


Innate Abilities, Weirdness & Mutations

You have a pair of horns on your head.
You reflexively headbutt those who attack you in melee.


Message History

The orc barely misses you. You furiously retaliate!
You headbutt the orc!
You kill the orc!
Fire: a) +0 shortbow
Press: ? - help, Q - select action, (/) - cycle Shift-Dir - straight line, f/p - orc priest
Aim: an orc priest, wielding a +0 hand axe and wearing a +0 ring mail (heavily wounded, 69% to hit)
You shoot an arrow.
The arrow hits the orc priest but does no damage.
The orc priest is heavily wounded.
The orc priest begins to cast a cantrip, but forgets the words!
The orc hits you but does no damage.
Fire: a) +0 shortbow
Press: ? - help, Q - select action, (/) - cycle Shift-Dir - straight line, f/p - orc priest
Aim: an orc priest, wielding a +0 hand axe and wearing a +0 ring mail (heavily wounded, 69% to hit)
You shoot an arrow. The arrow hits the orc priest.
The orc priest is severely wounded.
The orc priest hits you with a +0 hand axe.
* * * LOW HITPOINT WARNING * * *
The orc completely misses you.
Fire: a) +0 shortbow
Press: ? - help, Q - select action, (/) - cycle Shift-Dir - straight line, f/p - orc priest
Aim: an orc priest, wielding a +0 hand axe and wearing a +0 ring mail (severely wounded, 69% to hit)
You shoot an arrow. The arrow barely misses the orc priest.
The orc priest hits you with a +0 hand axe.
* * * LOW HITPOINT WARNING * * *
The orc barely misses you. You furiously retaliate!
You headbutt the orc!
You kill the orc!
Fire: a) +0 shortbow
Press: ? - help, Q - select action, (/) - cycle Shift-Dir - straight line, f/p - orc priest
Aim: an orc priest, wielding a +0 hand axe and wearing a +0 ring mail (severely wounded, 69% to hit)
You shoot an arrow. The arrow barely misses the orc priest.
The orc priest hits you with a +0 hand axe.
* * * LOW HITPOINT WARNING * * *
Fire: a) +0 shortbow
Press: ? - help, Q - select action, (/) - cycle Shift-Dir - straight line, f/p - orc priest
Aim: an orc priest, wielding a +0 hand axe and wearing a +0 ring mail (severely wounded, 69% to hit)
You shoot an arrow.
The arrow completely misses the orc priest.
The orc priest hits you but does no damage.
The orc priest hits you with a +0 hand axe.
You die...

##########################
...........#..............
...........'..............
...........#..............
...........#..............
...........#..............
...........#....o)........
......†.>..#....@)........
######.##.####..##..####+###
...###.##.#####+##..#.).....
...#................'.......
...#................#)......
...'................#..?....
...#...####+##+###'##.......
...#...# ... #######
...+..... ....


You could see an orc priest.

Vanquished Creatures
  Grinder (D:2)
  An ice beast (D:5)
  An ogre (D:5)
  A kobold brigand (Sewer)
  A necrophage (Sewer)
  A wight (Sewer)
  2 iguanas
  An orc wizard (D:4)
  A gnoll (D:3)
  A river rat (D:4)
  3 adders (D:3)
  2 shadow imps (Sewer)
  6 ufetubi
  5 worms
  A dart slug (D:4)
  16 orcs
  13 ball pythons
  6 endoplasms
  8 giant cockroaches
  2 goblins
  10 hobgoblins
  3 jackals (D:1)
  20 kobolds
  7 quokkas
  5 bats
  4 frilled lizards (D:3)
  A giant cockroach zombie (Sewer)
  2 kobold zombies (Sewer)
  11 rats
136 creatures vanquished.

Vanquished Creatures (others)
  A withered plant (D:1)
1 creature vanquished.

Grand Total: 137 creatures vanquished

Notes
Turn   | Place    | Note
-------+----------+-------------------------------------------
     0 | D:1      | safid the Minotaur Hunter began the quest for the Orb.
     0 | D:1      | Reached XP level 1. HP: 18/18 MP: 0/0
   203 | D:1      | Reached XP level 2. HP: 25/26 MP: 1/1
   565 | D:1      | Found a faded altar of an unknown god.
   586 | D:1      | Reached XP level 3. HP: 31/31 MP: 2/2
   838 | D:1      | Reached skill level 5 in Ranged Weapons
  1131 | D:2      | Identified the +5 falchion "Miahegh" {freeze, rPois rN+}
  1527 | D:3      | Found a hide-covered altar of Uskayaw.
  1527 | D:3      | Found an ancient bone altar of Kikubaaqudgha.
  1584 | D:3      | Reached XP level 4. HP: 39/40 MP: 3/3
  1684 | D:3      | Noticed Grinder
  1687 | D:3      | Paralysed by Grinder for 2 turns
  1717 | D:3      | Paralysed by Grinder for 5 turns
  2189 | D:2      | Killed Grinder
  2190 | D:2      | Reached skill level 5 in Fighting
  2190 | D:2      | Reached skill level 6 in Ranged Weapons
  2190 | D:2      | Reached XP level 5. HP: 50/50 MP: 4/4
  2190 | D:2      | Reached XP level 6. HP: 57/57 MP: 5/5
  2720 | D:4      | Found a staircase to the Ecumenical Temple.
  2731 | Temple   | Entered the Ecumenical Temple
  2820 | D:4      | Found a blossoming altar of Fedhas.
  3007 | D:4      | Found an opulent altar of Gozag.
  3009 | D:4      | Found a hazy altar of Hepliaklqana.
  3327 | D:4      | Found a glowing drain.
  3331 | Sewer    | Entered a sewer
  3381 | Sewer    | Reached skill level 7 in Ranged Weapons
  3486 | Sewer    | Found an ancient bone altar of Kikubaaqudgha.
  3497 | Sewer    | Reached XP level 7. HP: 64/64 MP: 6/6
  4065 | D:4      | Found a white marble altar of Elyvilon.
  4187 | D:4      | Found a basalt altar of Yredelemnul.
  4607 | D:5      | Entered Level 5 of the Dungeon
  4734 | D:5      | Reached skill level 8 in Ranged Weapons
  4848 | D:5      | HP: 3/67 [orc priest/+0 hand axe (2)]
  4851 | D:5      | Slain by an orc priest

Illustrated notes

Levels and vault maps discovered:
D:1:      saegor_arrival_miasma, layout_basic,
          ebering_ecumenical_altar_petrified
D:2:      layout_loops_ring
D:3:      layout_rooms, nicolae_overflow_two_pavilions, st_stairs_8,
          minmay_pentangle, uniq_grinder
D:4:      layout_basic, kennysheep_ying_yang, mainiacjoe_overflow_catwalk,
          chequers_temple_overflow_statue_of_worship, minmay_temple_entry_grid,
          gup_sewer_entry_spiral
D:5:      layout_gridville, ebering_ghost_sewer_d
Temple:   nicolae_temple_bog_church

Skill      XL: |  1  2  3  4  5  6  7 |
---------------+----------------------+-----
Fighting       | 3 4 5 6 7 |  7.9
Ranged Weapons | 5 6 7 8 |  8.1
Dodging        | |  2.1
Stealth        | |  0.7

Action                   |  1- 3 |  4- 6 |  7- 9 || total
-------------------------+-------+-------+-------++-------
 Fire: Shortbow          |    99 |   217 |    90 ||   406
Armor: Leather armour    |     6 |    39 |    19 ||    64
       Skin              |       |    20 |       ||    20
Dodge: Dodged            |    21 |   109 |    44 ||   174
